AoeStats
← kidori

Arabia

504697635Analyzed
1v1 RM · 26d ago on Sep 6, 2026· 50m 30s· 2 players
Game mode
Random Map
Map size
Tiny (2 player)
Population
200
Speed
Normal
Resources
Standard
Victory
Conquest
Starting age
Dark Age
Ending age
Imperial Age
RankedLock teamsTeams togetherTeam positionsShared explorationLock speedFull tech treeHidden civsTurbo modeCheats
Victory
Defeat
🇮🇳 Chinese · India
1191
+17
🇪🇸 Malay · Spain
1217
-17
kidori
0:26 Loom
9:35 Feudal Age
13:52 Double-Bit Axe
13:47 Horse Collar
20:49 Castle Age
19:36 Fletching
19:47 Padded Archer Armor
21:35 Wheelbarrow
21:05 Crossbowman
22:44 Bodkin Arrow
30:27 Ballistics
31:21 Leather Archer Armor
33:23 Bloodlines
33:13 Husbandry
35:19 Bow Saw
35:01 Town Watch
35:54 Light Cavalry
40:05 Imperial Age
39:22 Scale Barding Armor
39:29 Forging
39:31 Heavy Plow
40:47 Chain Barding Armor
42:01 Illumination
41:57 Bracer
46:29 Elite Chu Ko Nu
47:30 Conscription
Narue
3:27 Loom
9:36 Feudal Age
16:13 Double-Bit Axe
21:03 Castle Age
19:44 Horse Collar
20:26 Forging
21:50 Scale Barding Armor
30:57 Imperial Age
28:22 Elite Skirmisher
32:32 Padded Archer Armor
32:56 Ballistics
34:53 Fletching
36:56 Bodkin Arrow
37:16 Leather Archer Armor
38:27 Bracer
40:04 Conscription
40:42 Heavy Plow
41:18 Wheelbarrow
40:30 Town Watch
43:18 Chemistry
43:42 Light Cavalry
47:46 Iron Casting
47:42 Ring Archer Armor
Connection lost

Rejoining the realm…

Still unreachable

The connection could not be restored.

Session expired

The server has moved on; the page needs a fresh start.